 Dungeon Crawl Stone Soup version 0.27.1-34-g3ba077fa99 (webtiles) character file.

Game seed: 3839229905352995373

627 comborobin the Martial Artist (level 7, 0/78 HPs)
             Began as a Vampire Delver on Jan 8, 2022.
             Slain by a gnoll (6 damage)
             ... on level 3 of the Dungeon.
             The game lasted 00:04:23 (2256 turns).

comborobin the Martial Artist (Vampire Delver)      Turns: 2256, Time: 00:04:23

Health: 0/78       AC:  5    Str: 13    XL:     7   Next: 23%
Magic:  7/7        EV: 12    Int: 12    God:
Gold:   112        SH:  0    Dex: 16    Spells: 6/6 levels left

rFire    + . .     SeeInvis +     - Unarmed
rCold    + . .     Faith    .   (no shield)
rNeg     . . .     Spirit   .   a - +0 leather armour
rPois    +         Reflect  .   (no helmet)
rElec    +         Harm     .   r - +0 cloak
rCorr    +         Rampage  .   h - +0 pair of gloves
Will     .....                  (no boots)
Stlth    ..........             o - amulet of regeneration
HPRegen  1.43/turn              (no ring)
MPRegen  0.10/turn              (no ring)

@: berserking, resistant, attractive, healing quickly, very quick
A: alive, fangs 3, see invisible, vampiric 2
a: Exsanguinate


You were on level 3 of the Dungeon.
You visited 1 branch of the dungeon, and saw 6 of its levels.

You collected 112 gold pieces.

Inventory:

Hand Weapons
 s - a +1 dagger of draining
Missiles
 n - 23 poisoned darts (quivered)
Armour
 a - a +0 leather armour (worn)
 h - a +0 pair of gloves (worn)
 r - a +0 cloak (worn)
Jewellery
 o - an amulet of regeneration (around neck)
Wands
 f - a wand of digging (2)
 g - a wand of polymorph (6)
Scrolls
 b - a scroll of fog
 d - 2 scrolls of fear
 e - 2 scrolls of amnesia {unknown}
 i - a scroll of enchant armour {unknown}
 l - 2 scrolls of immolation {unknown}
 p - 2 scrolls of teleportation {unknown}
 q - a scroll of identify {unknown}


   Skills:
 + Level 3.0 Fighting
 + Level 2.6 Dodging
 - Level 7.2 Stealth
 * Level 8.6 Unarmed Combat


You had 6 spell levels left.
You didn't know any spells.
Your spell library contained the following spells:

 Spells                   Type           Power      Damage    Failure   Level
 Pain                     Necr           0%         1d4       38%         1
 Agony                    Necr           0%         N/A       100%        5
 Excruciating Wounds      Necr           0%         N/A       100%        5


Dungeon Overview and Level Annotations

Branches:
Dungeon (6/15)
 Temple: D:4-7

Altars:
Nemelex Xobeh
Qazlal
Trog
Uskayaw
The Shining One

Shops:
D:2 (   D:6 !

Annotations:
D:5 exclusions: jelly and ogre
D:6 Prince Ribbit


Innate Abilities, Weirdness & Mutations

Your natural rate of healing is accelerated.
You have razor-sharp teeth.
You have supernaturally acute eyesight. (SInv)
You are afflicted with vampirism and can become a bat while bloodless.


Message History

Okay, then.
You punch the gnoll!
The gnoll is heavily wounded.
You feel yourself speed up.
You feel sick.
You are no longer poisoned.
The gnoll hits you from afar with a +0 spear.
The gnoll misses you.
The gnoll hits you from afar with a +0 spear.
The gnoll hits you with a +0 whip!
The gnoll hits you from afar with a +0 spear.
You punch the gnoll!
You kill the gnoll!
The gnoll hits you from afar with a +0 spear.
The gnoll is pulled toward you!
Your Fighting skill increases to level 3!
Unknown command.
You punch the gnoll!
The gnoll is severely wounded.
The gnoll hits you with a +0 spear.
* * * LOW HITPOINT WARNING * * *
The gnoll hits you from afar with a +0 spear.
* * * LOW HITPOINT WARNING * * *
Unknown command.
You barely miss the gnoll.
The gnoll is severely wounded.
The gnoll hits you with a +0 spear.
* * * LOW HITPOINT WARNING * * *
The gnoll hits you from afar with a +0 spear.
* * * LOW HITPOINT WARNING * * *
Unknown command.
That's the wrong kind of item! (Use * to select it.) Evoke which item? (* to show all) (? for menu, Esc to quit)
Okay, then.
Okay, then.
It was a potion of berserk rage.
A red film seems to cover your vision as you go berserk!
You feel yourself moving faster!
You feel mighty! The gnoll hits you with a +0 spear.
You die...

##################
#.................
#.###############.
#@# #.
##g###############.
#..g<..............
#...)..............
#..................
###..................
#>...................
#.#..[...............
#.#..................


You could see 2 gnolls.

Vanquished Creatures
  Grinder (D:5)
  An ogre (D:4)
  A phantom (D:3)
  A scorpion (D:5)
  Natasha (thrice) (D:2)
  2 gnolls (D:3)
  4 adders
  A white imp (D:5)
  An ufetubus (D:5)
  A dart slug (D:2)
  4 orcs (D:3)
  3 endoplasms
  6 giant cockroaches
  4 goblins
  3 hobgoblins
  4 jackals (D:1)
  3 kobolds
  3 quokkas
  4 ball pythons
  7 bats
  5 frilled lizards
  8 rats
70 creatures vanquished.

Notes
Turn   | Place    | Note
-------+----------+-------------------------------------------
     0 | D:5      | comborobin the Vampire Delver began the quest for the Orb.
     0 | D:5      | Reached XP level 1. HP: 17/17 MP: 1/1
    32 | D:6      | Noticed Prince Ribbit
    32 | D:6      | Noticed an ice beast
    32 | D:6      | Found a stormy altar of Qazlal.
    32 | D:6      | Found Pileqod's Distillery.
    34 | D:6      | Found a hide-covered altar of Uskayaw.
    34 | D:6      | Found a bloodstained altar of Trog.
    36 | D:6      | Found a sparkling altar of Nemelex Xobeh.
    48 | D:5      | Noticed Grinder
    52 | D:5      | Paralysed by Grinder for 3 turns
    64 | D:5      | Paralysed by Grinder for 4 turns
    68 | D:5      | Killed Grinder
    69 | D:5      | Reached skill level 6 in Unarmed Combat
    69 | D:5      | Reached XP level 2. HP: 4/23 MP: 2/2
    69 | D:5      | Gained mutation: You are afflicted with vampirism and can
                  | become a bat while bloodless. [Vampire growth]
    69 | D:5      | Reached XP level 3. HP: 5/28 MP: 3/3
    69 | D:5      | Reached XP level 4. HP: 6/34 MP: 4/4
    69 | D:5      | Reached XP level 5. HP: 7/39 MP: 5/5
   308 | D:5      | Noticed an ogre
   390 | D:5      | Reached skill level 7 in Unarmed Combat
   390 | D:5      | Reached XP level 6. HP: 40/46 MP: 6/6
   522 | D:3      | Reached skill level 8 in Unarmed Combat
   964 | D:2      | HP: 1/46 [poisoned by a gnoll]
  1432 | D:2      | Noticed Natasha
  1451 | D:2      | Killed Natasha
  1452 | D:2      | Reached XP level 7. HP: 35/51 MP: 7/7
  1483 | D:2      | Noticed Natasha
  1491 | D:2      | Killed Natasha
  1663 | D:2      | Found Hucaosku's Weapon Emporium.
  2054 | D:1      | Found a faded altar of an unknown god.
  2215 | D:2      | Noticed Natasha
  2234 | D:2      | Killed Natasha
  2256 | D:3      | Slain by a gnoll

Illustrated notes

Levels and vault maps discovered:
D:1:      wander_arrival_chamber, layout_rooms, ebering_ecumenical_altar_box,
          dk_noncrumbling_4
D:2:      layout_loops_ring, serial_shops, nicolae_lakefront_shop, uniq_natasha
D:3:      layout_basic
D:4:      layout_basic, nicolae_ru_great_annihilating_truth,
          minmay_temple_entry_trees, ebering_ghost_disaster_area,
          chequers_serial_rivers_micro_d, minmay_manual_mail, uniq_menkaure
D:5:      layout_basic, minmay_stone_trees_medium, uniq_grinder
D:6:      layout_loops_ring, grunt_temple_overflow_growth_and_decay,
          mainiacjoe_overflow_alcove_4, grunt_temple_overflow_open,
          ebering_ghost_disaster_area, serial_shops, nicolae_stop_n_shop_2,
          kennysheep_generic_room_8, uniq_prince_ribbit1, uniq_pikel

Skill      XL: |  1  2  3  4  5  6  7 |
---------------+----------------------+-----
Unarmed Combat | 6 7 8 |  8.6
Fighting       | 3 |  3.0
Dodging        | |  2.6
Stealth        | |  7.2

Action                   |  1- 3 |  4- 6 |  7- 9 || total
-------------------------+-------+-------+-------++-------
Melee: Unarmed           |    10 |   172 |    83 ||   265
       Punch             |       |     2 |     2 ||     4
       Bite              |       |     4 |     8 ||    12
Evoke: Wand              |     1 |     5 |       ||     6
  Use: Scroll            |     1 |     1 |       ||     2
       Potion            |       |     3 |     4 ||     7
 Stab: Sleeping          |       |     5 |     3 ||     8
Armor: Skin              |    16 |    11 |       ||    27
       Leather armour    |       |    36 |    27 ||    63
Dodge: Dodged            |     3 |   132 |    58 ||   193
